 Dungeon Crawl Stone Soup version 0.17.1-3-g152610e (webtiles) character file.

65 shizyaka the Skirmisher (level 4, -7/49 HPs)
             Began as an Ogre Berserker on Mar 26, 2016.
             Was a Believer of Trog.
             Mangled by a gnoll
             ... wielding a +0 spear
              (9 damage)
             ... on level 2 of the Dungeon.
             The game lasted 00:09:51 (1590 turns).

shizyaka the Skirmisher (Ogre Berserker)            Turns: 1590, Time: 00:09:51

Health: -7/49      AC:  3    Str: 23    XL:     4   Next: 13%
Magic:  4/4        EV: 10    Int:  6    God:    Trog [**....]
Gold:   109        SH:  0    Dex:  9    Spells: 0 memorised, 3 levels left

rFire  . . .     SeeInvis .     a - +0 mace
rCold  . . .     Clarity  .     b - +0 animal skin
rNeg   . . .     SustAt   .     (no shield)
rPois  .         Gourm    .     (helmet restricted)
rElec  .         Spirit   .     (no cloak)
rCorr  .         Warding  .     (gloves unavailable)
rMut   .         Stasis   .     (boots unavailable)
MR     .....                    (no amulet)
Stlth  +.........               (no ring)
                                (no ring)

@: not resistant to hostile enchantments, very unstealthy
A: unfitting armour, tough skin 1
a: Berserk, Trog's Hand, Burn Spellbooks, Renounce Religion


You were on level 2 of the Dungeon.
You worshipped Trog.
Trog was pleased with you.
You were not hungry.

You visited 1 branch of the dungeon, and saw 2 of its levels.

You collected 109 gold pieces.

Inventory:

Hand Weapons
 a - a +0 mace (weapon)
Armour
 b - a +0 animal skin (worn)
Jewellery
 o - an uncursed ring of positive energy {unknown}
 p - a cursed +3 ring of protection {unknown}
Scrolls
 d - 3 scrolls of identify {unknown}
 g - 3 scrolls of random uselessness {unknown}
 k - 3 scrolls of teleportation {unknown}
 m - 2 scrolls of fog {unknown}
 n - a scroll of recharging {unknown}
Potions
 e - 3 potions of curing {unknown}
 h - a potion of lignification {unknown}
 i - a potion of cure mutation {unknown}
 j - a potion of agility {unknown}
 l - a potion of ambrosia {unknown}
 q - a potion of flight {unknown}
Comestibles
 c - a bread ration


   Skills:
 + Level 4.6 Fighting
 + Level 4.5 Maces & Flails
 + Level 3.6 Dodging
 - Level 0.5 Stealth


You had 3 spell levels left.
You didn't know any spells.

Dungeon Overview and Level Annotations

Branches:
Dungeon (2/15)

Altars:
Nemelex Xobeh


Innate Abilities, Weirdness & Mutations

You are too large for most types of armour.
You have tough skin (AC +1).


Message History

The gnoll misses you.
You hit the gnoll.
The gnoll is almost dead.
The gnoll barely misses you. The gnoll hits you with a halberd!
* * * LOW HITPOINT WARNING * * *
You hit the gnoll.
You kill the gnoll!
Trog accepts your kill.
You have reached level 4!
The gnoll hits you from afar with a spear.
* * * LOW HITPOINT WARNING * * *
The gnoll hits you but does no damage.
Things that are here:
a halberd; a gnoll corpse You hit the gnoll but do no damage.
The gnoll hits you with a spear.
* * * LOW HITPOINT WARNING * * *
You sock the gnoll!
The gnoll is heavily wounded.
The gnoll hits you with a spear!
You die...

#...........# #...
#.###.......# #...
#.# ##.#....#########
#... #.#
#.#............. #...
#.# #.#.............
#... #.#
.#............. ####
#.# .............
#.#########..........
#........@g...)......
############.........
#......... #.........
#....##### #....#
#....# #....#


You could see a gnoll.

Vanquished Creatures
  An adder (D:2)
  2 gnolls (D:2)
  A worm (D:2)
  A giant gecko (D:1)
  4 giant cockroaches
  7 goblins (D:1)
  3 hobgoblins (D:1)
  7 bats
  3 kobolds
  7 rats
36 creatures vanquished.

Notes
Turn   | Place    | Note
--------------------------------------------------------------
     0 | D:1      | shizyaka the Ogre Berserker began the quest for the Orb.
     0 | D:1      | Reached XP level 1. HP: 24/24 MP: 1/1
   369 | D:1      | Reached XP level 2. HP: 32/32 MP: 2/2
   714 | D:1      | Reached ** piety under Trog
   747 | D:1      | Reached XP level 3. HP: 35/40 MP: 3/3
  1148 | D:2      | Found a sparkling altar of Nemelex Xobeh.
  1587 | D:2      | Reached XP level 4. HP: 6/49 MP: 4/4
  1589 | D:2      | HP: 2/49 [gnoll/spear (3)]
  1590 | D:2      | Mangled by a gnoll

Action                   |  1- 3 |  4- 6 || total
-------------------------+-------+-------++-------
Melee: Mace              |   117 |     2 ||   119
 Stab: Sleeping          |     2 |       ||     2
  Eat: Meat ration       |     1 |       ||     1
       Chunk             |     1 |       ||     1
